Map: Ascension to Aiur LE

Players

IIIIIIIIIIII - Winner!

  • Race: Terran Terran
  • League: Grandmaster
  • Spawn Location: 11:00

Jason

  • Race: Terran Terran
  • League: Grandmaster
  • Spawn Location: 5:00

VOD

Have the link to the VOD?

Description

Time

  • Played on: July 1, 2017, 9:57 p.m.
  • Length: 11:25
Show
View Real Time Build Order
Export as new Build Order

IIIIIIIIIIII Terran - Winner!

Build Orders: Cyclone Opening, Reaper Expand, Bio Tank 

Get SALT Encoding   

  12  0:02  SCV  
  13  0:14  SCV  
  13  0:19  Supply Depot  
  14  0:27  SCV  
  15  0:30  Refinery  
  15  0:40  SCV  
  16  0:45  Barracks  
  16  0:53  SCV  
  17  1:05  SCV  
  18  1:17  SCV  
  19  1:32  Orbital Command  
  19  1:33  Reaper  
  20  1:43  Command Center  
  20  1:53  Factory  
  20  1:57  SCV  
  21  2:05  Supply Depot  
  21  2:07  Barracks Reactor  
  21  2:10  SCV  
  21  2:15  Refinery  
  22  2:22  SCV  
  23  2:34  SCV  
  24  2:43  Cyclone, Marine  
  24  2:44  Marine  
  29  2:46  SCV  
  30  2:55  Orbital Command  
  30  3:01  Starport, Marine x2  
  30  3:03  SCV  
  33  3:15  SCV, Factory Tech Lab  
  33  3:19  Marine x2  
  36  3:21  SCV  
  37  3:27  SCV  
  37  3:28  Supply Depot  
  37  3:33  SCV  
  39  3:37  Marine x2  
  39  3:40  SCV  
  42  3:44  Raven  
  42  3:45  SCV  
  45  3:49  Factory Tech Lab  
  45  3:52  SCV  
  45  3:53  Supply Depot  
  45  3:55  Marine x2  
  48  3:57  SCV  
  48  4:02  Supply Depot  
  49  4:04  SCV  
  49  4:09  SCV  
  50  4:11  Siege Tank  
  50  4:12  Marine  
  50  4:15  Marine  
  55  4:30  Viking  
  57  4:31  Command Center, Marine  
  57  4:32  Marine  
  57  4:33  SCV x2  
  61  4:38  Supply Depot  
  58  4:49  SCV  
  57  4:56  Barracks  
  57  4:57  Barracks  
  59  5:05  SCV  
  58  5:11  Marine  
  58  5:12  Stimpack  
  59  5:14  Siege Tank  
  59  5:16  Barracks  
  59  5:17  Refinery, Barracks  
  59  5:18  Refinery, SCV x2  
  64  5:23  Engineering Bay  
  64  5:26  Engineering Bay  
  64  5:30  SCV x2  
  64  5:33  Marine  
  67  5:38  Viking  
  67  5:42  SCV x2  
  71  5:43  Orbital Command  
  71  5:47  Siege Tank  
  71  5:49  Barracks Reactor  
  74  5:51  Marine  
  74  5:53  Barracks Reactor  
  74  5:54  SCV  
  74  5:57  SCV  
  77  6:01  Terran Infantry Weapons Level 1  
  77  6:05  Barracks Reactor  
  77  6:06  SCV  
  77  6:08  Marine  
  77  6:09  SCV x2  
  77  6:11  Barracks Reactor  
  82  6:18  SCV  
  82  6:21  SCV  
  82  6:25  Terran Infantry Armor Level 1  
  83  6:26  Marine x3  
  86  6:33  SCV  
  86  6:37  Factory Tech Lab  
  83  6:41  Marine  
  83  6:42  Marine x3  
  83  6:44  Marine x3  
  89  6:48  Factory Tech Lab  
  89  6:50  Marine x2  
  89  6:51  Supply Depot  
  89  6:53  SCV  
  89  6:54  SCV  
  91  6:58  Orbital Command, Marine  
  91  7:00  Supply Depot, Marine  
  91  7:01  Supply Depot  
  93  7:06  Marine x4, Medivac x2  
  101  7:12  Marine x3  
  101  7:15  Siege Tank  
  107  7:16  Supply Depot, Marine  
  107  7:18  Marine  
  109  7:24  Marine x4  
  109  7:27  Combat Shields  
  113  7:30  Marine x3  
  113  7:34  SCV x3, Marine  
  113  7:35  Sensor Tower, Marine  
  121  7:38  Sensor Tower  
  121  7:44  Marine x3  
  121  7:45  Marine  
  121  7:46  SCV  
  121  7:48  Marine  
  96  7:59  Marine  
  96  8:00  Marine x2  
  96  8:04  Marine x3, Siege Tank  
  96  8:05  Marine x2  
  101  8:06  Marine  
  101  8:08  SCV  
  101  8:09  SCV x2  
  101  8:10  Factory  
  101  8:12  Supply Depot x2  
  100  8:17  Marine x2  
  100  8:18  Marine  
  90  8:20  SCV  
  90  8:22  Marine x3  
  90  8:24  SCV x2  
  90  8:25  Marine  
  90  8:26  Medivac x2  
  102  8:28  Marine  
  102  8:33  Armory, SCV  
  104  8:35  Marine  
  104  8:36  Supply Depot, SCV x2  
  104  8:39  Marine x2  
  108  8:41  Refinery  
  108  8:42  Marine x2  
  108  8:45  SCV, Marine x2  
  108  8:47  Marine  
  114  8:49  Marine  
  114  8:55  Factory Tech Lab  
  115  8:56  Refinery, Siege Tank, Medivac  
  115  8:57  Marine x3  
  115  9:00  Marine  
  115  9:01  Marine  
  115  9:02  SCV  
  126  9:05  Marine x3  
  126  9:07  Marine  
  126  9:09  Supply Depot  
  130  9:14  Marine  
  130  9:15  Marine x2  
  133  9:17  Siege Tank  
  133  9:18  Marine x2  
  139  9:29  Command Center  
  137  9:36  Marine x4  
  137  9:37  Marine  
  143  9:42  Marine  
  143  9:45  Siege Tank  
  148  9:52  Supply Depot  
  147  9:55  Marine, Siege Tank  
  124  10:10  Marine  
  124  10:11  Marine x7  
  124  10:13  Marine  
  122  10:17  Siege Tank  
  125  10:28  Medivac x2, Siege Tank, Marine  
  132  10:29  Marine x7  
  132  10:31  Marine  
  132  10:34  Barracks  
  132  10:35  Barracks  
  141  10:36  Barracks  
  141  10:46  Marine x7  
  141  10:47  Marine  
  149  10:58  Marine  
  149  11:04  Marine x3  
Show
View Real Time Build Order
Export as new Build Order

Jason Terran 

Build Orders: Reaper Expand, Bio Tank 

Get SALT Encoding   

  12  0:01  SCV  
  13  0:13  SCV  
  14  0:17  Supply Depot  
  14  0:25  SCV  
  15  0:32  Refinery  
  15  0:39  SCV  
  16  0:46  Barracks  
  16  0:51  SCV  
  17  1:03  SCV  
  18  1:15  SCV  
  19  1:32  Orbital Command  
  19  1:33  Reaper  
  20  1:43  Command Center  
  20  1:57  Factory  
  20  1:59  SCV  
  21  2:04  Refinery  
  21  2:11  Barracks Reactor  
  21  2:13  Supply Depot  
  21  2:15  SCV  
  22  2:27  SCV  
  23  2:39  SCV  
  23  2:41  Hellion  
  23  2:42  Starport  
  26  2:47  Marine  
  26  2:48  Marine  
  28  2:51  SCV  
  28  2:57  Orbital Command  
  29  3:06  Cyclone  
  32  3:17  SCV  
  32  3:18  Marine x2  
  35  3:23  Medivac  
  35  3:25  SCV  
  38  3:29  Supply Depot, SCV  
  39  3:37  SCV  
  39  3:38  Marine x2  
  42  3:48  Cyclone  
  42  3:49  SCV  
  42  3:51  SCV  
  42  3:55  Supply Depot  
  47  3:59  Viking  
  47  4:01  SCV  
  50  4:03  SCV  
  50  4:08  Marine x2  
  53  4:13  SCV  
  55  4:17  SCV  
  55  4:21  Barracks  
  55  4:23  Cyclone, Barracks  
  58  4:30  SCV  
  58  4:31  Viking  
  61  4:34  SCV  
  61  4:35  Refinery  
  62  4:42  SCV  
  59  4:48  SCV  
  59  4:50  Marine x2  
  60  4:54  SCV  
  60  4:55  Supply Depot  
  60  4:56  Factory Tech Lab  
  61  5:02  SCV  
  61  5:05  Starport Reactor  
  62  5:15  Barracks Tech Lab  
  62  5:16  Barracks Tech Lab  
  62  5:17  SCV, Barracks x2, Siege Tank  
  62  5:20  Supply Depot  
  66  5:22  Supply Depot, Marine  
  66  5:23  SCV  
  68  5:29  SCV  
  68  5:30  Marine  
  70  5:39  Combat Shields, Stimpack  
  70  5:41  Marine x3  
  73  5:44  Supply Depot, Medivac  
  73  5:45  Supply Depot  
  75  5:51  SCV  
  75  5:52  SCV  
  75  5:53  Marine  
  78  5:57  Medivac  
  78  5:59  Marine x3  
  84  6:04  SCV  
  84  6:05  Refinery  
  84  6:06  Supply Depot  
  84  6:09  Supply Depot, Marine x2  
  86  6:11  Marine  
  86  6:12  SCV  
  86  6:15  Siege Tank  
  90  6:22  SCV, Marine  
  90  6:24  SCV  
  90  6:25  Medivac  
  93  6:31  Marine x2  
  93  6:32  Marine x3  
  96  6:41  SCV  
  96  6:43  Marine  
  95  6:47  Siege Tank  
  95  6:49  Marine  
  95  6:52  Marine  
  95  6:53  Marine x3  
  100  6:59  Supply Depot, Medivac  
  100  7:01  Marine  
  103  7:06  Medivac  
  103  7:07  Marine  
  106  7:10  Marine x2  
  106  7:11  Marine x2  
  108  7:18  Marine  
  108  7:19  Siege Tank  
  112  7:25  Marine  
  112  7:28  Marine x2  
  112  7:29  Marine x2, Medivac  
  119  7:30  Supply Depot  
  119  7:36  Marine  
  120  7:43  Marine  
  120  7:46  Marine x3  
  120  7:47  Marine  
  122  7:51  Siege Tank  
  122  7:54  Marine  
  114  8:00  Marine  
  114  8:03  Medivac x2  
  114  8:04  Marine x4  
  115  8:08  Command Center  
  115  8:12  Marine  
  103  8:18  Marine  
  90  8:22  Marine x4  
  90  8:23  Siege Tank  
  91  8:29  Supply Depot  
  91  8:30  Supply Depot, Marine  
  92  8:36  Marine  
  92  8:37  Viking  
  92  8:38  Viking  
  92  8:39  SCV, Marine x2  
  92  8:40  Marine x2  
  102  8:47  Marine  
  103  8:51  SCV  
  103  8:54  Marine  
  105  8:58  Marine x2  
  105  9:00  Barracks Reactor x2, Siege Tank  
  110  9:03  SCV  
  110  9:05  SCV, Marine  
  113  9:12  Marine  
  113  9:15  SCV, Marine, Medivac  
  113  9:16  Marine  
  119  9:21  Engineering Bay  
  119  9:23  Marine  
  119  9:29  Marine  
  119  9:34  Engineering Bay  
  119  9:35  Engineering Bay  
  119  9:36  Marine x2  
  119  9:38  Marine x4  
  122  9:41  SCV, Marine  
  127  9:47  Marine  
  128  9:54  Marine x2  
  128  9:56  Marine x2  
  128  10:06  Marine x3  
  108  10:07  Marine  
  108  10:09  Orbital Command  
  108  10:12  Marine  
  95  10:15  Marine x3  
  98  10:23  Marine x2  
  98  10:26  SCV x2  
  98  10:27  Marine x2  
  104  10:33  Siege Tank  
  107  10:35  Marine x2  
  107  10:36  Marine  
  110  10:42  Marine  
  110  10:43  Marine  
  110  10:45  Marine  
  113  10:50  Marine x2  
  113  10:53  Marine  
  113  10:54  Marine x2  
  117  10:59  Factory  
  117  11:00  Marine x2  
  117  11:03  Marine  
  123  11:11  Supply Depot  
  123  11:13  Supply Depot  
Tags
 
Add a new tag
Caveats
  • Supply blocks, unpowered buildings, or Contaminate may cause inaccurate times.
  • Supply counts are checked every 10 seconds.